 Dungeon Crawl Stone Soup version 0.28-a0-697-g47f3eba078 (webtiles) character file.

Game seed: 7984832851160512739

324 Conn the Sneak (level 6, -1/37 HPs)
             Began as an Octopode Fire Elementalist on Oct 23, 2021.
             Slain by a phantom (9 damage)
             ... on level 5 of the Dungeon.
             The game lasted 00:06:16 (4675 turns).

Conn the Sneak (Octopode Fire Elementalist)         Turns: 4675, Time: 00:06:16

Health: -1/37      AC:  1    Str:  8    XL:     6   Next: 48%
Magic:  7/11       EV: 28    Int: 19    God:
Gold:   180        SH:  0    Dex: 12    Spells: 0/11 levels left

rFire   . . .      SeeInvis .   j - +2 quarterstaff (chaos)
rCold   . . .      Faith    .   (shield currently unavailable)
rNeg    . . .      Spirit   .   (helmet restricted)
rPois   .          Reflect  .   p - amulet of the acrobat
rElec   .          Harm     .   c - ring of resist corrosion
rCorr   +          Rampage  .   (no ring)
Will    .....                   (no ring)
Stlth   ++++......              (no ring)
HPRegen 0.12/turn               (no ring)
MPRegen 0.12/turn               (no ring)
                                (no ring)
                                (no ring)

@: acrobatic, very slightly contaminated
A: almost no armour, amphibious, 8 rings, camouflage 1, gelatinous body 1,
(nimble swimmer 1), tentacles
a: no special abilities


You were on level 5 of the Dungeon.
You visited 1 branch of the dungeon, and saw 5 of its levels.

You collected 180 gold pieces.

Inventory:

Hand Weapons
 d - a +0 dagger
 j - a +2 quarterstaff of chaos (weapon)
Missiles
 f - 12 poisoned darts
Magical Staves
 m - a staff of cold
Jewellery
 c - a ring of resist corrosion (left tentacle)
 p - an amulet of the acrobat (around mantle)
Scrolls
 a - a scroll of vulnerability {unknown}
 b - a scroll of torment {unknown}
 e - a scroll of identify {unknown}
 g - 3 scrolls of enchant weapon {unknown}
 h - a scroll of amnesia {unknown}
 k - a scroll of enchant armour {unknown}
 l - a scroll of noise {unknown}
 n - a scroll of brand weapon {unknown}
 o - a scroll of fear {unknown}
Potions
 i - a potion of heal wounds
 q - 2 potions of haste {unknown}


   Skills:
 + Level 0.7 Fighting
 + Level 0.8 Short Blades
 + Level 1.2 Staves
 + Level 2.5 Dodging
 + Level 4.4 Stealth
 + Level 3.3 Spellcasting
 + Level 2.5 Conjurations
 + Level 4.3 Fire Magic


You couldn't memorise any spells.
You knew the following spells:

 Your Spells              Type           Power      Damage    Failure   Level
a - Foxfire               Conj/Fire      64%        2x1d7     3%          1
b - Conjure Flame         Conj/Fire      16%        6-21      11%         3
c - Inner Flame           Hex/Fire       11%        N/A       19%         3
d - Flame Wave            Conj/Fire      16%        3d5       34%         4

Your spell library contained the following spells:

 Spells                   Type           Power      Damage    Failure   Level
 Scorch                   Fire           38%        2d7       3%          2
 Dazzling Flash           Conj/Hex       16%        N/A       26%         3
 Agony                    Necr           3%         N/A       99%         5
 Silence                  Hex/Air        1%         N/A       99%         5


Dungeon Overview and Level Annotations

Branches:
Dungeon (5/15)
 Temple: D:4-7

Altars:
Nemelex Xobeh
Okawaru
Trog
Yredelemnul
Beogh

Annotations:
D:4 benitares's ghost, amateur DsMo


Innate Abilities, Weirdness & Mutations

You cannot wear most types of armour.
You are amphibious.
You can wear up to eight rings at the same time.
Your skin changes colour to match your surroundings (Stealth+).
Your rubbery body absorbs attacks. (AC +1, EV +1)
((You are camouflaged near water. (Stealth+)))
You have tentacles for arms and can constrict up to eight enemies at once.


Message History

You kill the orc!
Casting: Foxfire (safe; 3% risk of failure)
Confirm with . or Enter, or press ? or * to list all spells.
You conjure some foxfire!
Your foxfire dissipates!
The foxfire hits the orc warrior.
The orc warrior is lightly wounded.
The foxfire hits the orc priest.
The orc priest is lightly wounded.
The orc priest calls upon Beogh to heal the orc warrior.
The orc warrior's wounds heal themselves!
Casting: Foxfire (safe; 3% risk of failure)
Confirm with . or Enter, or press ? or * to list all spells.
You conjure some foxfire!
The foxfire hits the orc warrior but does no damage.
The orc priest calls down the wrath of Beogh upon you.
Beogh smites you!
Unknown command.
The foxfire hits the orc warrior but does no damage.
The foxfire hits the orc warrior.
The orc warrior is lightly wounded.
Unknown command.
There is a stone staircase leading down here.
The orc warrior hits you with a +0 mace.
You climb downwards.
Found an iron altar of Okawaru.
There is a stone staircase leading up here.
Casting: Foxfire (safe; 3% risk of failure)
Confirm with . or Enter, or press ? or * to list all spells.
You miscast Foxfire.
You are very lightly contaminated with residual magic.
Nothing appears to happen.
The orc warrior hits you with a +0 mace!!
* * * LOW HITPOINT WARNING * * *
Unknown command.
An ogre comes into view. It is wielding a +0 giant club.
The orc warrior completely misses you.
Okay, then.
The phantom hits you!
You die...

...##..# ..#.#
#.....##.#._. #
#..#..#...#.#
#.#...<......#
.........##....
...#.....# # #
#.#..o#
..#.#.W.#
#......@#
#.#.#...#
....#..##
....... #.####.
#. .. ..


You could see an orc warrior and a phantom.

Vanquished Creatures
  A scorpion (D:4)
  A water moccasin skeleton (D:4)
  Crazy Yiuf (D:2)
  A centaur skeleton (D:4)
  8 adders
  An ufetubus (D:4)
  2 worms (D:3)
  6 dart slugs
  2 orcs
  3 endoplasms
  4 giant cockroaches
  9 goblins
  7 hobgoblins
  4 kobolds
  4 quokkas
  8 ball pythons
  A bat (D:2)
  2 frilled lizards (D:3)
  8 rats
73 creatures vanquished.

Vanquished Creatures (others)
  230 foxfires
230 creatures vanquished.

Grand Total: 303 creatures vanquished

Notes
Turn   | Place    | Note
-------+----------+-------------------------------------------
     0 | D:1      | Conn the Octopode Fire Elementalist began the quest for the
                  | Orb.
     0 | D:1      | Reached XP level 1. HP: 11/11 MP: 3/3
   734 | D:1      | Reached XP level 2. HP: 17/17 MP: 5/5
   788 | D:1      | Found a faded altar of an unknown god.
  1286 | D:2      | Reached XP level 3. HP: 21/21 MP: 0/6
  1691 | D:2      | Reached XP level 4. HP: 21/27 MP: 0/7
  1935 | D:2      | Found a bloodstained altar of Trog.
  2001 | D:2      | Found a runed translucent door.
  2002 | D:2      | Noticed Crazy Yiuf
  2012 | D:2      | Killed Crazy Yiuf
  2520 | D:3      | Reached XP level 5. HP: 31/31 MP: 4/9
  3110 | D:3      | Found a bloodstained altar of Trog.
  3110 | D:3      | Found a sparkling altar of Nemelex Xobeh.
  3906 | D:4      | Reached skill level 1 in Staves
  3906 | D:4      | Reached XP level 6. HP: 31/37 MP: 5/10
  4036 | D:4      | Found a runed translucent gate.
  4037 | D:4      | Found a runed translucent gate.
  4037 | D:4      | Noticed an orc warrior
  4038 | D:4      | Found a runed translucent gate.
  4040 | D:4      | Noticed benitares's ghost (amateur DsMo)
  4042 | D:4      | Identified the +8 chain mail of the Harp {rC+}
  4588 | D:4      | Found a basalt altar of Yredelemnul.
  4641 | D:4      | Learned a level 3 spell: Conjure Flame
  4645 | D:4      | Learned a level 3 spell: Inner Flame
  4650 | D:4      | Learned a level 4 spell: Flame Wave
  4669 | D:5      | Entered Level 5 of the Dungeon
  4669 | D:5      | Found an iron altar of Okawaru.
  4675 | D:5      | Slain by a phantom

Illustrated notes

Levels and vault maps discovered:
D:1:      dpeg_arrival_houses_and_road, layout_loops_ring,
          shapermc_ecumenical_altar_mp_highgroup
D:2:      layout_basic, basic_altar, st_stairs_4, hex_large,
          uniq_crazy_yiuf_cottage
D:3:      layout_rooms, gammafunk_temple_overflow_wave
D:4:      layout_cave_pods, kennysheep_mini_moat, biasface_ghost_orc_armoury,
          grunt_ministairs_7
D:5:      layout_basic, okawaru_metal_pillars_3,
          nicolae_ru_great_annihilating_truth

Skill      XL: |  1  2  3  4  5 |
---------------+----------------+-----
Stealth        | 3 4 |  4.4
Fire Magic     | 4 |  4.3
Conjurations   | 2 |  2.5
Spellcasting   | 3 |  3.3
Staves         | 1 |  1.2
Fighting       | |  0.7
Short Blades   | |  0.8
Dodging        | |  2.5

Action                   |  1- 3 |  4- 6 || total
-------------------------+-------+-------++-------
Melee: Dagger            |    18 |     8 ||    26
       Constrict         |     8 |    13 ||    21
       Tentacles         |     3 |     5 ||     8
       Quarterstaff      |       |    37 ||    37
 Cast: Foxfire           |    51 |    86 ||   137
  Use: Potion            |       |     1 ||     1
 Stab: Sleeping          |     2 |     6 ||     8
Armor: Skin              |       |     2 ||     2
Dodge: Dodged            |    14 |    33 ||    47

Table legend: (Time is in decaauts)
 A = Elapsed time spent in this place.
 B = Non-inter-level travel time spent in this place.
 C = Inter-level travel time spent in this place.
 D = Time resting spent in this place.
 E = Time spent auto-exploring this place.
 F = Levels seen in this place.
 G = Mean time per level.
                   A        B        C        D        E       F      G
               +--------+--------+--------+--------+--------+-----+--------+
         Total |   4683 |   4639 |     44 |    312 |   3469 |   5 |  936.6 |
       Dungeon |   4683 |   4639 |     44 |    312 |   3469 |   5 |  936.6 |
               +--------+--------+--------+--------+--------+-----+--------+

Top non-repeatable levels by time:
     D:4: 1322 daAuts
     D:2: 1269 daAuts
     D:1: 1176 daAuts
     D:3: 908 daAuts
     D:5: 5 daAuts
